Map: The Shattered Temple

Players

SHIRYU

  • Race: Protoss Protoss

MegaGiga

  • Race: Terran Terran

A.I. 2 (Very Hard)

  • Race: Protoss Protoss

A.I. 3 (Very Hard)

  • Race: Protoss Protoss

VOD

Have the link to the VOD?

Description

Time

  • Played on: Oct. 12, 2026, 1:42 p.m.
  • Length: 9:57
Show
View Real Time Build Order
Export as new Build Order

SHIRYU Protoss 

Build Orders:  

Get SALT Encoding   

  12  0:01  Probe (Chrono Boost)  
  13  0:10  Probe (Chrono Boost)  
  14  0:21  Pylon  
  14  0:23  Probe  
  15  0:39  Probe  
  15  0:42  Gateway  
  16  0:51  Probe  
  16  0:52  Assimilator  
  16  0:55  Assimilator  
  17  1:03  Probe (Chrono Boost)  
  18  1:07  Pylon  
  18  1:15  Probe (Chrono Boost)  
  19  1:23  Probe (Chrono Boost)  
  20  1:28  Zealot  
  20  1:31  Probe  
  23  1:42  Cybernetics Core  
  23  1:44  Probe  
  24  1:56  Probe  
  24  1:57  Zealot  
  27  2:18  Gateway  
  27  2:26  Warp Gate (Chrono Boost)  
  27  2:29  Pylon  
  27  2:46  Zealot  
  29  2:53  Pylon  
  29  3:08  Nexus  
  29  3:22  Assimilator  
  29  3:24  Assimilator  
  29  3:29  Zealot  
  29  3:30  Zealot  
  33  4:03  Stalker x2  
  37  4:28  Probe (Chrono Boost)  
  38  4:34  Probe (Chrono Boost)  
  39  4:41  Probe (Chrono Boost)  
  39  4:44  Probe (Chrono Boost)  
  41  4:46  Probe (Chrono Boost)  
  41  4:48  Probe (Chrono Boost)  
  41  4:51  Stalker  
  41  4:52  Stalker  
  47  5:03  Robotics Facility  
  47  5:14  Pylon  
  47  5:15  Probe (Chrono Boost)  
  47  5:19  Probe (Chrono Boost)  
  49  5:27  Probe (Chrono Boost)  
  51  5:30  Probe (Chrono Boost)  
  51  5:31  Probe (Chrono Boost)  
  52  5:39  Probe  
  52  5:42  Probe  
  54  5:43  Stalker  
  54  5:44  Stalker  
  58  5:52  Probe (Chrono Boost), Robotics Bay  
  58  5:54  Probe (Chrono Boost)  
  61  6:06  Probe (Chrono Boost)  
  61  6:09  Probe (Chrono Boost)  
  62  6:12  Probe (Chrono Boost)  
  62  6:16  Probe (Chrono Boost)  
  64  6:20  Probe  
  65  6:28  Probe  
  65  6:29  Pylon  
  65  6:32  Stalker, Probe  
  69  6:34  Pylon  
  69  6:50  Stalker  
  71  6:55  Stalker  
  49  7:17  Colossus (Chrono Boost)  
  55  7:29  Stalker  
  57  7:30  Stalker  
  59  7:38  Pylon  
  59  7:39  Gateway  
  59  7:42  Gateway  
  59  7:49  Twilight Council  
  59  8:05  Immortal  
  63  8:11  Pylon  
  63  8:22  Stalker x2  
  67  8:42  Templar Archives  
  67  8:45  Stalker x2  
  67  8:46  Stalker  
  67  8:47  Stalker  
  75  8:57  Immortal  
  59  9:09  Stalker  
  52  9:10  Stalker  
  52  9:11  Stalker x2  
  45  9:33  Stalker  
  45  9:34  Stalker  
  45  9:35  Stalker  
  45  9:36  Stalker  
Show
View Real Time Build Order
Export as new Build Order

MegaGiga Terran 

Build Orders:  

Get SALT Encoding   

  12  0:01  SCV  
  13  0:21  SCV  
  14  0:29  Supply Depot  
  14  0:33  SCV  
  15  0:50  SCV  
  15  0:53  Barracks  
  16  1:02  Refinery, SCV  
  17  1:14  SCV  
  18  1:26  SCV  
  19  1:33  Refinery  
  19  1:39  SCV  
  20  1:41  Supply Depot  
  21  1:47  Reaper  
  21  1:51  SCV  
  22  2:03  SCV  
  23  2:15  SCV  
  24  2:19  Reaper  
  25  2:36  SCV  
  26  2:48  SCV  
  27  2:53  Marine  
  27  3:04  Factory  
  27  3:11  Orbital Command, Marine  
  28  3:28  Marine  
  29  3:38  SCV  
  30  3:46  Marine  
  30  3:48  Factory Tech Lab  
  31  4:02  Supply Depot  
  31  4:23  Marine  
  31  4:24  SCV  
  32  4:35  Siege Tank  
  32  4:36  SCV  
  36  4:41  Marine  
  36  4:45  Supply Depot  
  37  4:48  SCV  
  38  4:55  Command Center  
  38  5:00  SCV  
  39  5:07  Starport  
  39  5:08  Siege Tank  
  42  5:18  Marine  
  43  5:36  Marine  
  43  5:38  Supply Depot  
  43  5:40  Siege Tank  
  47  5:44  Starport  
  47  5:48  Supply Depot  
  47  5:54  Refinery  
  47  6:00  SCV  
  47  6:01  Engineering Bay  
  48  6:10  SCV  
  49  6:12  SCV  
  49  6:14  Marine  
  49  6:15  Siege Tank  
  49  6:17  Viking  
  56  6:22  Starport Tech Lab, SCV  
  57  6:32  Marine  
  58  6:39  Terran Infantry Weapons Level 1  
  58  6:46  SCV  
  58  6:47  SCV, Siege Tank, Viking  
  60  6:48  Missile Turret  
  65  6:58  SCV  
  65  6:59  Refinery, SCV  
  67  7:08  Factory  
  67  7:17  Viking  
  69  7:23  Missile Turret  
  69  7:24  Banshee  
  72  7:35  SCV x2  
  74  7:47  Viking, SCV x2  
  78  7:53  Barracks Tech Lab  
  78  8:02  Factory Tech Lab  
  78  8:09  Supply Depot  
  78  8:31  SCV, Siege Tank x2  
  78  8:33  Supply Depot  
  85  8:54  Banshee  
  85  8:55  Viking, Marauder  
  92  8:56  Supply Depot  
  92  9:16  Marauder  
  94  9:17  Siege Tank  
  94  9:24  Armory  
Show
View Real Time Build Order
Export as new Build Order

A.I. 2 (Very Hard) Protoss 

Build Orders: 1 Gate Expand, Zealot Archon 

Get SALT Encoding   

  12  0:01  Probe  
  13  0:13  Probe  
  14  0:20  Pylon  
  14  0:25  Probe  
  15  0:34  Probe  
  15  0:42  Probe  
  17  0:50  Gateway  
  17  0:52  Probe  
  18  1:00  Probe  
  18  1:08  Probe  
  19  1:11  Assimilator  
  19  1:13  Pylon  
  20  1:19  Probe  
  21  1:37  Nexus  
  21  1:46  Cybernetics Core  
  21  1:48  Zealot  
  23  2:05  Gateway  
  23  2:06  Probe  
  24  2:15  Pylon  
  24  2:18  Probe  
  24  2:21  Zealot  
  22  2:30  Warp Gate, Probe  
  27  2:40  Probe  
  27  2:43  Assimilator  
  28  2:49  Adept, Probe  
  28  2:50  Probe  
  29  2:52  Adept  
  32  3:04  Probe  
  35  3:17  Pylon  
  35  3:22  Stalker  
  35  3:23  Probe  
  35  3:25  Probe  
  39  3:35  Probe  
  39  3:38  Probe  
  40  3:45  Robotics Facility  
  40  3:46  Adept  
  40  3:47  Probe x2  
  41  3:55  Probe  
  44  3:59  Probe  
  48  4:04  Probe  
  48  4:08  Probe  
  49  4:12  Adept  
  49  4:16  Probe  
  49  4:17  Probe  
  51  4:21  Pylon  
  51  4:23  Adept  
  54  4:26  Probe  
  54  4:28  Probe  
  56  4:34  Immortal  
  56  4:38  Stalker  
  62  4:43  Probe  
  62  4:44  Pylon  
  63  4:46  Probe  
  63  4:50  Stalker  
  63  4:52  Probe  
  66  4:58  Probe  
  68  5:01  Robotics Facility  
  68  5:03  Stalker  
  70  5:11  Probe  
  70  5:13  Immortal  
  75  5:14  Probe  
  75  5:20  Pylon  
  76  5:23  Sentry  
  76  5:25  Pylon  
  78  5:35  Twilight Council  
  78  5:36  Assimilator  
  78  5:38  Assimilator  
  78  5:40  Probe  
  79  5:45  Gateway  
  79  5:53  Zealot  
  79  5:54  Probe  
  81  5:57  Probe  
  81  5:59  Pylon  
  81  6:02  Probe  
  83  6:05  Zealot  
  83  6:10  Probe  
  87  6:12  Probe  
  87  6:14  Templar Archives  
  87  6:17  Zealot  
  90  6:20  Pylon  
  90  6:22  Probe  
  91  6:37  Gateway  
  91  6:39  Stalker  
  93  6:44  Stalker  
  95  6:48  Stalker  
  95  6:50  Pylon  
  97  7:00  Forge  
  97  7:01  High Templar  
  97  7:02  Pylon  
  97  7:07  Sentry, Forge  
  101  7:09  Observer, High Templar  
  104  7:21  Archon  
  104  7:28  High Templar, Gateway  
  106  7:30  Stalker  
  106  7:34  Warp Prism  
  106  7:36  Photon Cannon  
  108  7:38  High Templar, Photon Cannon  
  112  7:46  Pylon  
  112  7:48  Pylon  
  112  7:50  Archon  
  112  7:52  High Templar  
  114  8:00  Warp Prism  
  116  8:06  High Templar  
  116  8:09  Photon Cannon  
  116  8:12  Photon Cannon  
  118  8:18  Archon  
  118  8:20  High Templar  
  118  8:22  Gateway  
  120  8:31  Zealot  
  122  8:34  High Templar  
  124  8:46  Photon Cannon  
  124  8:47  Nexus, Archon, High Templar  
  126  8:52  Pylon  
  123  9:02  High Templar  
  121  9:06  Stalker  
  123  9:10  Stalker  
  123  9:11  Archon  
  125  9:21  Photon Cannon  
  121  9:24  High Templar  
  121  9:26  Gateway  
  121  9:31  Zealot  
  125  9:34  Zealot  
  127  9:38  High Templar  
  127  9:43  Stalker  
  127  9:52  Sentry  
Show
View Real Time Build Order
Export as new Build Order

A.I. 3 (Very Hard) Protoss 

Build Orders: Archon Immortal 

Get SALT Encoding   

  12  0:01  Probe  
  13  0:13  Probe  
  14  0:22  Pylon  
  14  0:25  Probe  
  15  0:36  Probe  
  16  0:44  Probe  
  16  0:48  Assimilator  
  17  0:52  Gateway  
  17  0:53  Probe  
  18  1:01  Probe  
  18  1:02  Pylon  
  18  1:09  Probe  
  20  1:20  Probe  
  21  1:32  Probe  
  22  1:39  Zealot  
  24  1:43  Cybernetics Core  
  24  1:44  Probe  
  25  2:03  Nexus  
  25  2:15  Gateway  
  25  2:16  Zealot  
  25  2:21  Pylon, Warp Gate  
  25  2:28  Probe  
  28  2:40  Assimilator, Probe  
  28  2:43  Adept  
  31  2:53  Probe  
  32  2:59  Adept  
  32  3:04  Pylon, Adept  
  32  3:05  Probe  
  35  3:17  Probe  
  38  3:26  Probe  
  39  3:29  Probe  
  39  3:32  Stalker  
  42  3:39  Probe  
  43  3:42  Probe  
  43  3:44  Robotics Facility  
  44  3:51  Probe  
  44  3:54  Probe  
  50  4:03  Probe, Adept  
  50  4:06  Probe  
  52  4:12  Pylon  
  52  4:14  Probe, Adept  
  52  4:15  Probe  
  53  4:22  Probe  
  54  4:27  Probe  
  54  4:28  Stalker  
  54  4:31  Immortal  
  62  4:32  Probe  
  62  4:34  Pylon  
  63  4:39  Probe  
  63  4:40  Stalker  
  63  4:44  Probe  
  67  4:50  Robotics Facility  
  67  4:51  Probe  
  68  4:53  Stalker  
  68  4:59  Immortal  
  70  5:04  Probe  
  70  5:05  Probe  
  72  5:11  Pylon  
  76  5:15  Pylon  
  76  5:21  Stalker  
  78  5:27  Twilight Council  
  78  5:29  Sentry  
  78  5:31  Assimilator, Probe  
  81  5:40  Assimilator  
  81  5:41  Probe  
  82  5:48  Pylon  
  82  5:51  Gateway  
  82  5:54  Probe x2  
  84  6:03  Zealot  
  86  6:06  Probe, Zealot  
  86  6:07  Probe  
  86  6:09  Templar Archives  
  90  6:11  Pylon  
  90  6:15  Probe  
  91  6:24  Zealot  
  93  6:32  Stalker  
  95  6:33  Forge  
  95  6:37  Pylon  
  95  6:38  Stalker  
  97  6:42  Stalker  
  99  6:50  Forge  
  99  6:53  Gateway  
  99  6:55  High Templar  
  99  6:57  High Templar, Pylon  
  103  7:05  Sentry  
  103  7:08  Protoss Ground Weapons Level 1  
  103  7:09  Photon Cannon  
  103  7:12  Observer  
  103  7:13  Pylon  
  103  7:15  Archon  
  100  7:26  Warp Prism  
  100  7:27  High Templar, Stalker  
  106  7:37  Photon Cannon  
  106  7:40  Photon Cannon, High Templar  
  108  7:45  Stalker  
  108  7:49  Stalker  
  112  7:54  Archon  
  112  7:56  Warp Prism  
  114  8:00  Stalker  
  116  8:08  High Templar, Pylon  
  116  8:11  Gateway  
  118  8:15  Photon Cannon  
  118  8:22  High Templar  
  120  8:31  Sentry  
  122  8:36  Archon  
  122  8:45  High Templar  
  122  8:48  Photon Cannon  
  124  8:51  Pylon  
  124  8:59  High Templar  
  126  9:05  Gateway  
  126  9:09  Zealot  
  128  9:14  Archon  
  128  9:16  Immortal  
  128  9:18  Immortal  
  128  9:20  Photon Cannon, Nexus  
  136  9:32  Stalker  
  136  9:33  Pylon  
  136  9:36  Stalker  
  138  9:38  Adept  
  138  9:43  Stalker  
  138  9:44  Zealot  
  125  9:55  Zealot  
  125  9:56  Zealot  
Tags
 
Add a new tag
Caveats
  • Supply blocks, unpowered buildings, or Contaminate may cause inaccurate times.
  • Supply counts are checked every 10 seconds.